WCL (AA)
CHARLESTON CLIPPERS @ BURLINGTON BIG EYED FISH
08/11/2058
 
TOP OF THE 1ST
Charleston Clippers batting - Pitching for Burlington Big Eyed Fish : RHP Leonard Johnson
Pitching: RHP Leonard Johnson
Batting: LHB Ashton Anderson 0-0: Foul Ball, location: 5SF
0-1: Ball
1-1: Fly out, F8 (Line Drive, 8LM, EV 95.6 MPH)
Batting: RHB Seu Sin 0-0: Called Strike
0-1: Ball
1-1: Ball
2-1: Called Strike
2-2: Strikes out swinging
Batting: LHB Robbie Smith 0-0: Ball
1-0: Swinging Strike
1-1: Swinging Strike
1-2: SINGLE (Line Drive, 4M, EV 98.1 MPH)
Batting: RHB Dave Woolridge 0-0: Swinging Strike
0-1: Foul Ball, location: 23F
0-2: Foul Ball, location: 9LDF
0-2: Ball
1-2: Strikes out swinging
Top of the 1st over - 0 runs, 1 hit, 0 errors, 1 left on base; Charleston 0 - Burlington 0
BOTTOM OF THE 1ST
Burlington Big Eyed Fish batting - Pitching for Charleston Clippers : RHP Jorge Souza
Pitching: RHP Jorge Souza
Batting: RHB Bob Moon 0-0: Ball
1-0: Ball
2-0: Foul Ball, location: 3FF
2-1: Ground out 4-3 (Groundball, 4, EV 101.9 MPH)
Batting: RHB Bryant Bastable 0-0: Fly out, F8 (Line Drive, 8RD, EV 96.3 MPH)
Batting: SHB Thomas Bascombe 0-0: Called Strike
0-1: Ball
1-1: Called Strike
1-2: SINGLE (Groundball, 4MD, EV 98.8 MPH)
Batting: RHB Otto Holstein 0-0: Ball
1-0: Foul Ball, location: 2F
1-1: Ball
2-1: Swinging Strike
2-2: Ground out 1-3 (Groundball, 15S, EV 68.1 MPH)
Bottom of the 1st over - 0 runs, 1 hit, 0 errors, 1 left on base; Charleston 0 - Burlington 0
TOP OF THE 2ND
Charleston Clippers batting - Pitching for Burlington Big Eyed Fish : RHP Leonard Johnson
Batting: SHB Younes Ghuman 0-0: SINGLE (Groundball, 4MD, EV 110.6 MPH) (infield hit)
Batting: RHB Husain bin Jalil 0-0: Bunt missed!
0-1: Swinging Strike
Younes Ghuman is caught stealing 2nd base 2-4
0-2: Ball
1-2: Foul Ball, location: 3F
1-2: Ball
2-2: Ball
3-2: Base on Balls
Batting: RHB Juan Martínez 0-0: Ball
1-0: Ball
2-0: Called Strike
2-1: Fly out, F6 (Line Drive, 56, EV 73.8 MPH)
Batting: RHB Raúl Mejía 0-0: Ball
1-0: Swinging Strike
1-1: Ball
2-1: Swinging Strike
2-2: Foul Ball, location: 2F
2-2: Ball
3-2: Strikes out swinging
Top of the 2nd over - 0 runs, 1 hit, 0 errors, 1 left on base; Charleston 0 - Burlington 0
BOTTOM OF THE 2ND
Burlington Big Eyed Fish batting - Pitching for Charleston Clippers : RHP Jorge Souza
Batting: RHB Aaron Sanderson 0-0: Foul Ball, location: 2F
0-1: Ball
1-1: Fly out, F9 (Flyball, 89M, EV 81.9 MPH)
Batting: LHB Chris Brashear 0-0: Foul Ball, location: 23F
0-1: Swinging Strike
0-2: Ball
1-2: Ball
2-2: Ball
3-2: Foul Ball, location: 5F
3-2: Strikes out swinging
Batting: RHB Dan Rivard 0-0: Fly out, F8 (Flyball, 8RD, EV 105.0 MPH)
Bottom of the 2nd over - 0 runs, 0 hits, 0 errors, 0 left on base; Charleston 0 - Burlington 0
TOP OF THE 3RD
Charleston Clippers batting - Pitching for Burlington Big Eyed Fish : RHP Leonard Johnson
Batting: RHB Anantya Visweswaramurthy 0-0: Ball
1-0: Foul Ball, location: 5FF
1-1: Ball
2-1: Ball
3-1: Ground out 5-3 (Groundball, 56, EV 83.8 MPH)
Batting: LHB Ashton Anderson 0-0: Swinging Strike
0-1: Fly out, F8 (Flyball, 8RM, EV 96.9 MPH)
Batting: RHB Seu Sin 0-0: Called Strike
0-1: Ball
1-1: Ball
2-1: Swinging Strike
2-2: Strikes out looking
Top of the 3rd over - 0 runs, 0 hits, 0 errors, 0 left on base; Charleston 0 - Burlington 0
BOTTOM OF THE 3RD
Burlington Big Eyed Fish batting - Pitching for Charleston Clippers : RHP Jorge Souza
Batting: RHB Nicolae Banciu 0-0: Ball
1-0: Swinging Strike
1-1: Ball
2-1: Bunted foul
2-2: Hit by Pitch
Batting: RHB Mike Huggins 0-0: Ball
Nicolae Banciu steals 2nd base
1-0: Ball
2-0: Sac Bunt to 3S - play at first, batter OUT! 3-1
Nicolae Banciu to third
Batting: RHB Bob Moon 0-0: Called Strike
0-1: Ball
1-1: Ground out 5-3 (Groundball, 5, EV 91.3 MPH)
Batting: RHB Bryant Bastable 0-0: SINGLE (Groundball, 4MD, EV 103.1 MPH)
Nicolae Banciu scores
Batting: SHB Thomas Bascombe 0-0: Called Strike
Bryant Bastable steals 2nd base
0-1: Ball
1-1: Foul Ball, location: 2F
1-2: Ball
2-2: Foul Ball, location: 3F
2-2: Ball
3-2: Foul Ball, location: 2F
3-2: Foul Ball, location: 7LDF
3-2: Base on Balls
Batting: RHB Otto Holstein 0-0: Called Strike
0-1: Ball
1-1: Ball
2-1: Ground out 5-3 (Groundball, 56S, EV 68.1 MPH)
Bottom of the 3rd over - 1 run, 1 hit, 0 errors, 2 left on base; Charleston 0 - Burlington 1
TOP OF THE 4TH
Charleston Clippers batting - Pitching for Burlington Big Eyed Fish : RHP Leonard Johnson
Batting: LHB Robbie Smith 0-0: Ball
1-0: Called Strike
1-1: Foul Ball, location: 3F
1-2: Ball
2-2: Foul Ball, location: 9LMF
2-2: Ball
3-2: Base on Balls
Batting: RHB Dave Woolridge 0-0: Ball
1-0: Called Strike
1-1: Foul Ball, location: 23FF
1-2: Foul Ball, location: 23F
1-2: Ball
2-2: Strikes out swinging
Batting: SHB Younes Ghuman 0-0: Ball
1-0: Foul Ball, location: 3F
1-1: Ball
2-1: DOUBLE (Flyball, 8LXD, EV 97.5 MPH)
Robbie Smith to third
Runner from 3rd tries for Home, SAFE, no throw by CF
Batting: RHB Husain bin Jalil 0-0: Ball
1-0: Swinging Strike
1-1: Called Strike
1-2: Ground out 4-3 (Groundball, 4, EV 86.9 MPH)
Younes Ghuman to third
Batting: RHB Juan Martínez 0-0: Called Strike
0-1: Ball
1-1: Ground out 6-3 (Groundball, 6, EV 100.6 MPH)
Top of the 4th over - 1 run, 1 hit, 0 errors, 1 left on base; Charleston 1 - Burlington 1
BOTTOM OF THE 4TH
Burlington Big Eyed Fish batting - Pitching for Charleston Clippers : RHP Jorge Souza
Batting: RHB Aaron Sanderson 0-0: Called Strike
0-1: Ball
1-1: Foul Ball, location: 2RF
1-2: SINGLE (Flyball, 8RS, EV 73.8 MPH)
Batting: LHB Chris Brashear 0-0: Sac Bunt to 5S - play at first, batter OUT! 5-3
Aaron Sanderson to second
Batting: RHB Dan Rivard 0-0: Ball
1-0: Ground out 6-3 (Groundball, 6S, EV 66.3 MPH)
Batting: RHB Nicolae Banciu 0-0: Ball
1-0: Foul Ball, location: 9LSF
1-1: Ball
2-1: Ball
3-1: Foul Ball, location: 2F
3-2: Fly out, F9 (Flyball, 89S, EV 78.1 MPH)
Bottom of the 4th over - 0 runs, 1 hit, 0 errors, 1 left on base; Charleston 1 - Burlington 1
TOP OF THE 5TH
Charleston Clippers batting - Pitching for Burlington Big Eyed Fish : RHP Leonard Johnson
Batting: RHB Raúl Mejía 0-0: Called Strike
0-1: Foul Ball, location: 2F
0-2: Ball
1-2: Ball
2-2: SINGLE (Groundball, 6MD, EV 98.8 MPH)
Batting: RHB Anantya Visweswaramurthy 0-0: Sac Bunt to 5S - play at first, batter OUT! 5-3
Raúl Mejía to second
Batting: LHB Ashton Anderson 0-0: Called Strike
0-1: Foul Ball, location: 5FF
0-2: Ball
1-2: Ball
2-2: Ball
3-2: Foul Ball, location: 2F
3-2: Ground out 5-3 (Groundball, 56S, EV 70.0 MPH)
Batting: RHB Seu Sin 0-0: Ball
1-0: Ball
2-0: Foul Ball, location: 5F
2-1: Foul Ball, location: 3SF
2-2: Ball
3-2: Ground out U3 (Groundball, 34, EV 88.1 MPH)
Top of the 5th over - 0 runs, 1 hit, 0 errors, 1 left on base; Charleston 1 - Burlington 1
BOTTOM OF THE 5TH
Burlington Big Eyed Fish batting - Pitching for Charleston Clippers : RHP Jorge Souza
Batting: RHB Mike Huggins 0-0: Foul Ball, location: 2F
0-1: Ball
1-1: Foul Ball, location: 5F
1-2: Foul Ball, location: 2F
1-2: Strikes out looking
Batting: RHB Bob Moon 0-0: Ball
1-0: Swinging Strike
1-1: Foul Ball, location: 9LSF
1-2: Ball
2-2: Strikes out swinging
Batting: RHB Bryant Bastable 0-0: Foul Ball, location: 2F
0-1: Foul Ball, location: 2F
0-2: Ball
1-2: Strikes out looking
Bottom of the 5th over - 0 runs, 0 hits, 0 errors, 0 left on base; Charleston 1 - Burlington 1
TOP OF THE 6TH
Charleston Clippers batting - Pitching for Burlington Big Eyed Fish : RHP Leonard Johnson
Batting: LHB Robbie Smith 0-0: Called Strike
0-1: Swinging Strike
0-2: Ball
1-2: Strikes out swinging
Batting: RHB Dave Woolridge 0-0: Ball
1-0: Foul Ball, location: 23F
1-1: Swinging Strike
1-2: Ball
2-2: Strikes out swinging
Batting: SHB Younes Ghuman 0-0: Called Strike
0-1: Foul Ball, location: 2F
0-2: Foul Ball, location: 7LMF
0-2: Strikes out swinging
Top of the 6th over - 0 runs, 0 hits, 0 errors, 0 left on base; Charleston 1 - Burlington 1
BOTTOM OF THE 6TH
Burlington Big Eyed Fish batting - Pitching for Charleston Clippers : RHP Jorge Souza
Batting: SHB Thomas Bascombe 0-0: Called Strike
0-1: Ball
1-1: Ball
2-1: Ball
3-1: Base on Balls
Batting: RHB Otto Holstein 0-0: Ball
1-0: Called Strike
1-1: Ball
2-1: DOUBLE (Line Drive, 78D, EV 105.0 MPH)
Thomas Bascombe to third
Batting: RHB Aaron Sanderson 0-0: Called Strike
0-1: Ball
1-1: Foul Ball, location: 9LDF
1-2: Fly out, F9 (Line Drive, 9S, EV 87.5 MPH)
Pitching: RHP Troy Helmrich
Batting: LHB Chris Brashear 0-0: Called Strike
0-1: Ball
1-1: Ball
2-1: Ball
3-1: Called Strike
3-2: Base on Balls
Batting: RHB Dan Rivard 0-0: Ball
1-0: Called Strike
1-1: Foul Ball, location: 2F
1-2: Ball
2-2: SINGLE (Line Drive, 8RS, EV 84.4 MPH)
Thomas Bascombe scores
Otto Holstein to third
Chris Brashear to second
Runner from 3rd tries for Home, SAFE, throw by CF to home
Batting: RHB Nicolae Banciu 0-0: Called Strike
0-1: Swinging Strike
0-2: Foul Ball, location: 2F
0-2: Strikes out swinging
Batting: RHB Mike Huggins 0-0: Ball
1-0: Called Strike
1-1: Fielders Choice at 2nd, 5-4 (Groundball, 56, EV 86.3 MPH)
Bottom of the 6th over - 2 runs, 2 hits, 0 errors, 2 left on base; Charleston 1 - Burlington 3
TOP OF THE 7TH
Charleston Clippers batting - Pitching for Burlington Big Eyed Fish : RHP Leonard Johnson
Batting: RHB Husain bin Jalil 0-0: DOUBLE (Groundball, 5L, EV 104.4 MPH)
Pitching: RHP Héctor Prieto
Batting: RHB Juan Martínez 0-0: Ball
1-0: Swinging Strike
1-1: SINGLE (Line Drive, 8LS, EV 102.5 MPH)
Husain bin Jalil to third
Batting: RHB Raúl Mejía 0-0: Ball
1-0: Grounds into double play, 6-4-3 (Groundball, 6, EV 91.3 MPH)
Husain bin Jalil scores
Pinch Hitting: RHB Ubadah Brandt 0-0: Foul Ball, location: 2RF
0-1: Swinging Strike
0-2: Ball
1-2: Foul Ball, location: 5SF
1-2: Ball
2-2: Strikes out swinging
Top of the 7th over - 1 run, 2 hits, 0 errors, 0 left on base; Charleston 2 - Burlington 3
BOTTOM OF THE 7TH
Burlington Big Eyed Fish batting - Pitching for Charleston Clippers : RHP Troy Helmrich
Now at 2B: Ubadah Brandt
Batting: RHB Bob Moon 0-0: Foul Ball, location: 3SF
0-1: Ball
1-1: Ground out 5-3 (Groundball, 5L, EV 105.6 MPH)
Batting: RHB Bryant Bastable 0-0: Foul Ball, location: 2F
0-1: Called Strike
0-2: Fly out, F8 (Flyball, 8LM, EV 95.0 MPH)
Batting: SHB Thomas Bascombe 0-0: Called Strike
0-1: Ball
1-1: Ball
2-1: SINGLE (Line Drive, 6MD, EV 102.5 MPH)
Batting: RHB Otto Holstein 0-0: Ball
1-0: Ball
2-0: Called Strike
2-1: Ball
3-1: SINGLE (Line Drive, 8RS, EV 92.5 MPH)
Thomas Bascombe to second
Batting: RHB Aaron Sanderson 0-0: Fielders Choice at 2nd, 5-4 (Groundball, 56, EV 85.0 MPH)
Bottom of the 7th over - 0 runs, 2 hits, 0 errors, 2 left on base; Charleston 2 - Burlington 3
TOP OF THE 8TH
Charleston Clippers batting - Pitching for Burlington Big Eyed Fish : RHP Héctor Prieto
Pitching: LHP Ho-jun Ch'a
Batting: LHB Ashton Anderson 0-0: Called Strike
0-1: Foul Ball, location: 23FF
0-2: Ball
1-2: Strikes out swinging
Batting: RHB Seu Sin 0-0: Ball
1-0: Ball
2-0: Called Strike
2-1: Ball
3-1: Foul Ball, location: 5FF
3-2: Foul Ball, location: 9LDF
3-2: SINGLE (Groundball, 34D, EV 97.5 MPH)
Batting: LHB Robbie Smith 0-0: Called Strike
0-1: Called Strike
0-2: Strikes out looking
Batting: RHB Dave Woolridge 0-0: Swinging Strike
0-1: Ball
1-1: Foul Ball, location: 3DF
1-2: Strikes out swinging
Top of the 8th over - 0 runs, 1 hit, 0 errors, 1 left on base; Charleston 2 - Burlington 3
BOTTOM OF THE 8TH
Burlington Big Eyed Fish batting - Pitching for Charleston Clippers : RHP Troy Helmrich
Batting: LHB Chris Brashear 0-0: Foul Ball, location: 2F
0-1: Ball
1-1: Foul Ball, location: 5FF
1-2: Foul Ball, location: 23F
1-2: Foul Ball, location: 5SF
1-2: Strikes out swinging
Batting: RHB Dan Rivard 0-0: Fly out, F8 (Flyball, 8LM, EV 87.5 MPH)
Batting: RHB Nicolae Banciu 0-0: Ball
1-0: Ball
2-0: Called Strike
2-1: Swinging Strike
2-2: Foul Ball, location: 9LMF
2-2: Strikes out swinging
Bottom of the 8th over - 0 runs, 0 hits, 0 errors, 0 left on base; Charleston 2 - Burlington 3
TOP OF THE 9TH
Charleston Clippers batting - Pitching for Burlington Big Eyed Fish : LHP Ho-jun Ch'a
Pitching: RHP Hoyt Stevenson
Batting: SHB Younes Ghuman 0-0: Ball
1-0: Ball
2-0: Called Strike
2-1: DOUBLE (Line Drive, 9LS, EV 100.6 MPH)
Batting: RHB Husain bin Jalil 0-0: Ball
1-0: Foul Ball, location: 9LMF
1-1: Foul Ball, location: 23FF
1-2: Ball
2-2: Ball
3-2: Foul Ball, location: 3DF
3-2: Fly out, F9 (Flyball, 89S, EV 90.6 MPH)
Batting: RHB Juan Martínez 0-0: Ball
1-0: Fly out, F9 (Flyball, 89D, EV 104.4 MPH)
Runner from 2nd tags up, SAFE at 3rd, no throw by RF
Pinch Hitting: LHB Charles Glatz 0-0: Ball
1-0: Swinging Strike
Balk!
Younes Ghuman scores
1-1: Swinging Strike
1-2: Strikes out swinging
Top of the 9th over - 1 run, 1 hit, 0 errors, 0 left on base; Charleston 3 - Burlington 3
BOTTOM OF THE 9TH
Burlington Big Eyed Fish batting - Pitching for Charleston Clippers : RHP Troy Helmrich
Now at C: Tom Gary
Pinch Hitting: SHB Eric Stanley 0-0: Called Strike
0-1: Called Strike
0-2: Ball
1-2: Ball
2-2: Fly out, F9 (Flyball, 9LS, EV 93.1 MPH)
Batting: RHB Bob Moon 0-0: Ball
1-0: Ball
2-0: Swinging Strike
2-1: Ground out 6-3 (Groundball, 6, EV 92.5 MPH)
Batting: RHB Bryant Bastable 0-0: Swinging Strike
0-1: Called Strike
0-2: Foul Ball, location: 2F
0-2: Foul Ball, location: 23F
0-2: Ball
1-2: Ball
2-2: Strikes out looking
Bottom of the 9th over - 0 runs, 0 hits, 0 errors, 0 left on base; Charleston 3 - Burlington 3
TOP OF THE 10TH
Charleston Clippers batting - Pitching for Burlington Big Eyed Fish : RHP Hoyt Stevenson
Now at C: Eric Stanley
Batting: RHB Ubadah Brandt 0-0: Ball
1-0: Foul Ball, location: 23FF
1-1: SOLO HOME RUN (Flyball, 7LD, EV 88.8 MPH), Distance : 336 ft
Batting: LHB Ashton Anderson 0-0: Ball
1-0: Called Strike
1-1: Swinging Strike
1-2: Strikes out looking
Batting: RHB Seu Sin 0-0: Ball
1-0: Ball
2-0: Called Strike
2-1: Foul Ball, location: 5DF
2-2: Ball
3-2: Fly out, F8 (Flyball, 8RXD, EV 83.1 MPH)
Batting: LHB Robbie Smith 0-0: Ball
1-0: SINGLE (Line Drive, 8LS, EV 108.1 MPH)
Batting: RHB Dave Woolridge 0-0: Foul Ball, location: 2F
0-1: Swinging Strike
0-2: Foul Ball, location: 9LMF
0-2: Ball
1-2: Foul Ball, location: 2F
1-2: Ball
2-2: Strikes out swinging
Top of the 10th over - 1 run, 2 hits, 0 errors, 1 left on base; Charleston 4 - Burlington 3
BOTTOM OF THE 10TH
Burlington Big Eyed Fish batting - Pitching for Charleston Clippers : RHP Troy Helmrich
Pitching: RHP Stu Kramer
Batting: SHB Thomas Bascombe 0-0: Ball
1-0: Ball
2-0: Called Strike
2-1: SINGLE (Groundball, 4MD, EV 95.6 MPH)
Batting: RHB Otto Holstein 0-0: Ball
Passed Ball!
Thomas Bascombe to second
1-0: Called Strike
1-1: Ground out U3 (Groundball, 13, EV 87.5 MPH)
Thomas Bascombe to third
Batting: RHB Aaron Sanderson 0-0: Foul Ball, location: 2F
0-1: Ball
1-1: SINGLE (Line Drive, 9S, EV 98.1 MPH)
Thomas Bascombe scores
Batting: LHB Chris Brashear 0-0: Ball
1-0: Called Strike
1-1: Fly out, F8 (Flyball, 8RM, EV 93.8 MPH)
Batting: RHB Dan Rivard 0-0: Called Strike
0-1: Ball
Passed Ball!
Aaron Sanderson to second
1-1: Foul Ball, location: 9LSF
1-2: Ball
2-2: Fly out, F7 (Flyball, 7, EV 89.4 MPH)
Bottom of the 10th over - 1 run, 2 hits, 0 errors, 1 left on base; Charleston 4 - Burlington 4
TOP OF THE 11TH
Charleston Clippers batting - Pitching for Burlington Big Eyed Fish : RHP Hoyt Stevenson
Batting: SHB Younes Ghuman 0-0: Swinging Strike
0-1: Ball
1-1: Called Strike
1-2: Ball
2-2: Strikes out swinging
Batting: RHB Husain bin Jalil 0-0: Ball
1-0: Fly out, F3 (Line Drive, 3, EV 65.6 MPH)
Batting: RHB Juan Martínez 0-0: Ground out 5-3 (Groundball, 5, EV 106.9 MPH)
Top of the 11th over - 0 runs, 0 hits, 0 errors, 0 left on base; Charleston 4 - Burlington 4
BOTTOM OF THE 11TH
Burlington Big Eyed Fish batting - Pitching for Charleston Clippers : RHP Stu Kramer
Batting: RHB Nicolae Banciu 0-0: Foul Ball, location: 23F
0-1: Swinging Strike
0-2: Ball
1-2: Strikes out swinging
Batting: SHB Eric Stanley 0-0: Ball
1-0: Ball
2-0: SINGLE (Line Drive, 34, EV 93.8 MPH)
Batting: RHB Bob Moon 0-0: Ball
1-0: Ball
2-0: Foul Ball, location: 7LMF
2-1: Called Strike
2-2: Strikes out looking
Batting: RHB Bryant Bastable 0-0: Ball
1-0: Swinging Strike
1-1: Foul Ball, location: 5FF
1-2: Ground out U3 (Groundball, 3S, EV 81.3 MPH)
Bottom of the 11th over - 0 runs, 1 hit, 0 errors, 1 left on base; Charleston 4 - Burlington 4
TOP OF THE 12TH
Charleston Clippers batting - Pitching for Burlington Big Eyed Fish : RHP Hoyt Stevenson
Pitching: RHP Chong-yee Sung
Batting: LHB Tom Gary 0-0: Ball
1-0: Ball
2-0: Ball
3-0: Called Strike
3-1: Fly out, F9 (Flyball, 89M, EV 78.8 MPH)
Batting: RHB Ubadah Brandt 0-0: Ball
1-0: Called Strike
1-1: Ground out 4-3 (Groundball, 6M, EV 81.3 MPH)
Batting: LHB Ashton Anderson 0-0: Ball
1-0: Foul Ball, location: 3F
1-1: Ball
2-1: Foul Ball, location: 5SF
2-2: Fly out, F2 (Popup, 23F, EV 90.0 MPH)
Top of the 12th over - 0 runs, 0 hits, 0 errors, 0 left on base; Charleston 4 - Burlington 4
BOTTOM OF THE 12TH
Burlington Big Eyed Fish batting - Pitching for Charleston Clippers : RHP Stu Kramer
Batting: SHB Thomas Bascombe 0-0: Ground out U3 (Groundball, 34, EV 106.9 MPH)
Batting: RHB Otto Holstein 0-0: Foul Ball, location: 9LMF
0-1: Swinging Strike
0-2: Ball
1-2: SINGLE (Line Drive, 34D, EV 97.5 MPH)
Batting: RHB Aaron Sanderson 0-0: Called Strike
0-1: Fielders Choice at 2nd, 6-4 (Groundball, 6, EV 81.3 MPH)
Batting: LHB Chris Brashear 0-0: Fly out, F7 (Flyball, 78S, EV 98.1 MPH)
Bottom of the 12th over - 0 runs, 1 hit, 0 errors, 1 left on base; Charleston 4 - Burlington 4
TOP OF THE 13TH
Charleston Clippers batting - Pitching for Burlington Big Eyed Fish : RHP Chong-yee Sung
Batting: RHB Seu Sin 0-0: Called Strike
0-1: Ball
1-1: Ground out 4-3 (Groundball, 4, EV 98.1 MPH)
Batting: LHB Robbie Smith 0-0: Called Strike
0-1: Called Strike
0-2: Strikes out swinging
Batting: RHB Dave Woolridge 0-0: Ball
1-0: Ball
2-0: Ball
3-0: Called Strike
3-1: Called Strike
3-2: Fly out, F8 (Flyball, 78M, EV 97.5 MPH)
Top of the 13th over - 0 runs, 0 hits, 0 errors, 0 left on base; Charleston 4 - Burlington 4
BOTTOM OF THE 13TH
Burlington Big Eyed Fish batting - Pitching for Charleston Clippers : RHP Stu Kramer
Batting: RHB Dan Rivard 0-0: Ball
1-0: Ball
2-0: Ground out 4-3 (Groundball, 4, EV 98.8 MPH)
Batting: RHB Nicolae Banciu 0-0: Foul Ball, location: 2F
0-1: Ball
1-1: Hit by Pitch
Batting: SHB Eric Stanley 0-0: Sac Bunt to P - play at first, batter OUT! 1-3
Nicolae Banciu to second
Batting: RHB Bob Moon 0-0: Foul Ball, location: 5FF
0-1: Called Strike
0-2: Ball
1-2: Strikes out swinging
Bottom of the 13th over - 0 runs, 0 hits, 0 errors, 1 left on base; Charleston 4 - Burlington 4
TOP OF THE 14TH
Charleston Clippers batting - Pitching for Burlington Big Eyed Fish : RHP Chong-yee Sung
Batting: SHB Younes Ghuman 0-0: Called Strike
0-1: Swinging Strike
0-2: Ball
1-2: Ball
2-2: Foul Ball, location: 9LSF
2-2: Ground out 4-3 (Groundball, 34, EV 105.0 MPH)
Batting: RHB Husain bin Jalil 0-0: Called Strike
0-1: Ground out 6-3 (Groundball, 6M, EV 103.1 MPH)
Batting: RHB Juan Martínez 0-0: Ball
1-0: Called Strike
1-1: Ball
2-1: Called Strike
2-2: Ground out 5-3 (Groundball, 5, EV 81.9 MPH)
Top of the 14th over - 0 runs, 0 hits, 0 errors, 0 left on base; Charleston 4 - Burlington 4
BOTTOM OF THE 14TH
Burlington Big Eyed Fish batting - Pitching for Charleston Clippers : RHP Stu Kramer
Pitching: RHP Evan Hobbs
Batting: RHB Bryant Bastable 0-0: Called Strike
0-1: Swinging Strike
0-2: Ball
1-2: Ball
2-2: Ball
3-2: Foul Ball, location: 2F
3-2: Foul Ball, location: 2F
3-2: Strikes out looking
Batting: SHB Thomas Bascombe 0-0: Ball
1-0: Called Strike
1-1: Ball
2-1: Ball
3-1: Base on Balls
Batting: RHB Otto Holstein 0-0: Swinging Strike
0-1: Fielders Choice at 2nd, 6-4 (Groundball, 6, EV 105.0 MPH)
Batting: RHB Aaron Sanderson 0-0: Ball
1-0: Foul Ball, location: 3DF
1-1: Swinging Strike
1-2: Strikes out swinging
Bottom of the 14th over - 0 runs, 0 hits, 0 errors, 1 left on base; Charleston 4 - Burlington 4
TOP OF THE 15TH
Charleston Clippers batting - Pitching for Burlington Big Eyed Fish : RHP Chong-yee Sung
Batting: LHB Tom Gary 0-0: Foul Ball, location: 5SF
0-1: Ball
1-1: Foul Ball, location: 9LSFF
1-2: Fly out, F9 (Flyball, 9, EV 95.6 MPH)
Batting: RHB Ubadah Brandt 0-0: Called Strike
0-1: Swinging Strike
0-2: Fly out, F9 (Flyball, 9, EV 96.9 MPH)
Batting: LHB Ashton Anderson 0-0: Ball
1-0: Called Strike
1-1: Ball
2-1: Ball
3-1: Foul Ball, location: 2F
3-2: Fly out, F9 (Flyball, 89M, EV 89.4 MPH)
Top of the 15th over - 0 runs, 0 hits, 0 errors, 0 left on base; Charleston 4 - Burlington 4
BOTTOM OF THE 15TH
Burlington Big Eyed Fish batting - Pitching for Charleston Clippers : RHP Evan Hobbs
Batting: LHB Chris Brashear 0-0: Ground out 6-3 (Groundball, 6, EV 76.3 MPH)
Batting: RHB Dan Rivard 0-0: Ball
1-0: Ground out 5-3 (Groundball, 56, EV 82.5 MPH)
Batting: RHB Nicolae Banciu 0-0: Reached on error, E6 (Groundball, 6, EV 105.0 MPH)
Batting: SHB Eric Stanley 0-0: Ball
1-0: Fly out, F7 (Flyball, 78M, EV 98.1 MPH)
Bottom of the 15th over - 0 runs, 0 hits, 1 error, 1 left on base; Charleston 4 - Burlington 4
TOP OF THE 16TH
Charleston Clippers batting - Pitching for Burlington Big Eyed Fish : RHP Chong-yee Sung
Pitching: RHP Artie Houston
Batting: RHB Seu Sin 0-0: Foul Ball, location: 9LDF
0-1: Called Strike
0-2: Ball
1-2: Ball
2-2: Ball
3-2: Strikes out swinging
Batting: LHB Robbie Smith 0-0: Ball
1-0: Called Strike
1-1: Ground out U3 (Groundball, 23, EV 86.3 MPH)
Batting: RHB Dave Woolridge 0-0: Called Strike
0-1: Foul Ball, location: 23F
0-2: Strikes out swinging
Top of the 16th over - 0 runs, 0 hits, 0 errors, 0 left on base; Charleston 4 - Burlington 4
BOTTOM OF THE 16TH
Burlington Big Eyed Fish batting - Pitching for Charleston Clippers : RHP Evan Hobbs
Batting: RHB Bob Moon 0-0: Called Strike
0-1: Foul Ball, location: 23F
0-2: Fly out, F9 (Flyball, 9, EV 93.8 MPH)
Batting: RHB Bryant Bastable 0-0: Swinging Strike
0-1: Called Strike
0-2: Ball
1-2: Strikes out looking
Batting: SHB Thomas Bascombe 0-0: Foul Ball, location: 2F
0-1: Foul Ball, location: 7LMF
0-2: Ball
1-2: Foul Ball, location: 7LSF
1-2: Ball
2-2: Fly out, F7 (Flyball, 7LSF, EV 88.8 MPH)
Bottom of the 16th over - 0 runs, 0 hits, 0 errors, 0 left on base; Charleston 4 - Burlington 4
TOP OF THE 17TH
Charleston Clippers batting - Pitching for Burlington Big Eyed Fish : RHP Artie Houston
Batting: SHB Younes Ghuman 0-0: DOUBLE (Line Drive, 89D, EV 103.8 MPH)
Batting: RHB Husain bin Jalil 0-0: Swinging Strike
0-1: Ball
1-1: Sac Bunt to 3S - play at first, batter OUT! 3-4
Younes Ghuman to third
Batting: RHB Juan Martínez 0-0: Intentional Walk
Batting: LHB Tom Gary 0-0: Ball
Juan Martínez steals 2nd base (no throw)
1-0: Swinging Strike
1-1: Called Strike
1-2: Strikes out swinging
Batting: RHB Ubadah Brandt 0-0: Called Strike
0-1: Fly out, F8 (Flyball, 89M, EV 93.1 MPH)
Top of the 17th over - 0 runs, 1 hit, 0 errors, 2 left on base; Charleston 4 - Burlington 4
BOTTOM OF THE 17TH
Burlington Big Eyed Fish batting - Pitching for Charleston Clippers : RHP Evan Hobbs
Batting: RHB Otto Holstein 0-0: Called Strike
0-1: Ball
1-1: Called Strike
1-2: SINGLE (Groundball, 34, EV 105.0 MPH)
Batting: RHB Aaron Sanderson 0-0: Ball
1-0: Ball
2-0: 2-RUN HOME RUN (Flyball, 78XD, EV 104.4 MPH), Distance : 391 ft
Bottom of the 17th over - 2 runs, 2 hits, 0 errors, 0 left on base; Charleston 4 - Burlington 6
Friday, March 22nd , 2024 - OOTP Baseball 24.9 Build 78